 Dungeon Crawl Stone Soup version 0.30-a0-852-g08b95dd62f (webtiles) character file.

Game seed: 11740252428683858435

238 jimonade the Magician (level 6, -1/45 HPs)
             Began as a Djinni Warper on Mar 5, 2023.
             Slain by a steam dragon (6 damage)
             ... on level 4 of the Dungeon.
             The game lasted 00:04:32 (2841 turns).

jimonade the Magician (Djinni Warper)               Turns: 2841, Time: 00:04:33

Health: -1/45      AC: 17    Str: 12    XL:     6   Next: 28%
Gold:   163        EV:  6    Int: 14    God:
                   SH:  0    Dex: 13

rFire   + + .      SeeInvis .    a - +2 short sword (protect)
rCold   x . .      Faith    .    (no shield)
rNeg    . . .      Spirit   .    u - +0 chain mail
rPois   ∞          Reflect  .    l - +0 helmet
rElec   .          Rampage  .    (no cloak)
rCorr   .                        (no gloves)
Will    .....                    (boots unavailable) Stlth
                                 g - amulet of the acrobat
HPRegen 0.27/turn                (no ring)
MPRegen 0.00/turn                (no ring)

@: under a protective aura, flying
A: sickness immunity, fire resistance 2, cold vulnerability 1, float, innate
caster, HP casting, extra vitality 1
a: no special abilities


You were on level 4 of the Dungeon.
You visited 1 branch of the dungeon, and saw 4 of its levels.

You collected 163 gold pieces.

Inventory:

Hand Weapons
 a - a +2 short sword of protection (weapon)
 f - a +0 hand axe
 p - a +0 short sword
 w - a +0 morningstar
 x - a +0 quarterstaff
Missiles
 d - 7 boomerangs of dispersal
 j - 6 datura-tipped darts
Armour
 b - a +0 leather armour
 i - a +0 ring mail
 l - a +0 helmet (worn)
 u - a +0 chain mail (worn)
Jewellery
 g - an amulet of the acrobat (around neck)
Scrolls
 c - 3 scrolls of blinking
 e - 3 scrolls of identify {unknown}
 h - 2 scrolls of vulnerability {unknown}
 k - a scroll of brand weapon {unknown}
 m - a scroll of acquirement {unknown}
 n - 3 scrolls of magic mapping {unknown}
 r - a scroll of noise {unknown}
 s - a scroll of enchant armour {unknown}
 t - 3 scrolls of teleportation {unknown}
 v - a scroll of fog {unknown}
Potions
 o - a potion of magic {unknown}
 q - a potion of attraction {unknown}


   Skills:
 + Level 2.4 Fighting
 + Level 3.2 Short Blades
 - Level 0.7 Throwing
 + Level 2.5 Armour
 + Level 3.2 Dodging
 * Level 3.5 Spellcasting


You knew the following spells:

 Your Spells              Type           Power      Damage    Failure   Level
a - Blink                 Tloc           24%        N/A       96%         2
b - Lesser Beckoning      Tloc           24%        N/A       96%         2
c - Vhi's Electric Charg  Tloc/Air       24%        N/A       99%         3
d - Teleport Other        Tloc           12%        N/A       99%         3
e - Manifold Assault      Tloc           12%        N/A       100%        4
f - Magic Dart            Conj           48%        1d5       88%         1
g - Ensorcelled Hibernat  Hex/Ice        24%        N/A       96%         2
Your spell library was empty.

Dungeon Overview and Level Annotations

Branches:
Dungeon (5/15)
 Temple: D:4-7

Altars:

Shops:
D:2 [:


Innate Abilities, Weirdness & Mutations

You are immune to sickness and miasma.
You are immune to poison.
Your flesh is very heat resistant. (rF++)
You are vulnerable to cold. (rC-)
You float through the air rather than walking.
You learn spells naturally, not from books.
Your magical power is your life essence.
You have superior vitality. (+4 MHP)


Message History

You hit the steam dragon but do no damage.
The steam dragon is almost dead.
You hit the steam dragon but do no damage.
The steam dragon is almost dead.
The steam dragon bites you but does no damage.
The steam dragon barely misses you.
You hit the steam dragon but do no damage.
The steam dragon is almost dead.
The orc hits you but does no damage. The steam dragon bites you.
The steam dragon claws you but does no damage.
An orc priest comes into view. It is wielding a +0 short sword.
You closely miss the steam dragon.
The steam dragon is almost dead.
The orc hits you but does no damage.
The orc priest invokes the aid of Beogh against you.
Beogh smites you!
The steam dragon bites you but does no damage.
The steam dragon barely misses you.
An orc wizard comes into view. It is wielding a +1 dagger of speed.
The orc wizard shouts!
The steam dragon closely misses you.
The steam dragon claws you but does no damage.
There is a stone staircase leading up here.
The steam dragon bites you but does no damage.
The steam dragon claws you.
* * * LOW HITPOINT WARNING * * *
The orc hits you but does no damage.
You fly upwards.
There is a stone staircase leading down here.
You barely miss the steam dragon.
The steam dragon is almost dead.
The orc hits you but does no damage. The steam dragon breathes steam at you.
The ball of steam hits you. You resist.
* * * LOW HITPOINT WARNING * * *
You hit the steam dragon.
Your weapon exudes an aura of protection.
The steam dragon is almost dead.
The orc hits you but does no damage. The steam dragon bites you.
You die...

#.#...#.#####.#.# #.#
#<............#.# #.#
####.#####.#######.# #.#
...................# #.#
.###.#####.######### #.#
.# #.# #.# #.# .###.# #.#
#.# .....#####.#######
#.# ...............o@#
#.# .#########.#####D#
#.# .#########.# #.# #.#
...........# #.# #.#
####.......# #.# #.#
#.......#####.# #.#
#.............# #.#
#.......#####.########.##
###...#.##..............#


You could see a steam dragon (catching breath) and an orc.

Vanquished Creatures
  A phantom (D:4)
  A scorpion (D:4)
  An iguana (D:4)
  2 adders (D:4)
  A worm (D:2)
  2 dart slugs
  11 endoplasms
  3 giant cockroaches
  3 hobgoblins
  7 jackals
  3 quokkas
  4 ball pythons
  A bat (D:1)
  A frilled lizard (D:2)
  6 goblins
  7 kobolds
  A rat (D:1)
55 creatures vanquished.

Notes
Turn   | Place    | Note
-------+----------+-------------------------------------------
     0 | D:1      | jimonade the Djinni Warper began the quest for the Orb.
     0 | D:1      | jimonade set off with the following spells memorised:
                  | Blink, Lesser Beckoning, Vhi's Electric Charge, Teleport
                  | Other, Manifold Assault.
     0 | D:1      | Reached XP level 1. HP: 18/18 MP: 0/0
   171 | D:1      | Reached XP level 2. HP: 21/23 MP: 0/0
   788 | D:2      | Reached XP level 3. HP: 28/28 MP: 0/0
   788 | D:2      | Learned a level 1 spell: Magic Dart
  1085 | D:2      | Found Soiwosku's Armour Shop.
  1277 | D:2      | Found Lyrghymau's Book Shoppe.
  1431 | D:2      | You are sucked into a shaft and drop 2 floors!
  1473 | D:4      | Reached XP level 4. HP: 30/33 MP: 0/0
  2043 | D:4      | Reached XP level 5. HP: 38/38 MP: 0/0
  2043 | D:4      | Learned a level 2 spell: Ensorcelled Hibernation
  2128 | D:4      | Noticed a phantom
  2145 | D:4      | Killed a phantom
  2240 | D:4      | Reached XP level 6. HP: 45/45 MP: 0/0
  2808 | D:5      | Entered Level 5 of the Dungeon
  2809 | D:5      | Noticed a steam dragon
  2841 | D:4      | Slain by a steam dragon

Illustrated notes

Levels and vault maps discovered:
D:1:      dpeg_arrival_simpleton_c, layout_basic, minmay_pentomino_p2
D:2:      layout_basic, serial_shops, shop, nicolae_shop_stone, hex_medium
D:4:      layout_basic, grunt_ministairs_7, minmay_circle_x
D:5:      layout_basic, serial_bayou_pond_e

Skill      XL: |  1  2  3  4  5 |
---------------+----------------+-----
Short Blades   | 2 3 |  3.2
Spellcasting   | 3 |  3.5
Armour         | 2 |  2.5
Dodging        | 3 |  3.2
Fighting       | |  2.4
Throwing       | |  0.7

Action                     |  1- 3 |  4- 6 || total
---------------------------+-------+-------++-------
  Melee: Short sword       |   115 |   116 ||   231
         Punch             |     1 |     1 ||     2
   Cast: Magic Dart        |    38 |     7 ||    45
 Armour: Leather armour    |    24 |       ||    24
         Ring mail         |    17 |    11 ||    28
         Chain mail        |       |    52 ||    52
  Dodge: Dodged            |    74 |    45 ||   119

Table legend: (Time is in decaauts)
 A = Elapsed time spent in this place.
 B = Non-inter-level travel time spent in this place.
 C = Inter-level travel time spent in this place.
 D = Time resting spent in this place.
 E = Time spent auto-exploring this place.
 F = Levels seen in this place.
 G = Mean time per level.
                   A        B        C        D        E       F      G
               +--------+--------+--------+--------+--------+-----+--------+
         Total |   2813 |   2551 |    262 |      0 |   1987 |   4 |  703.2 |
       Dungeon |   2813 |   2551 |    262 |      0 |   1987 |   4 |  703.2 |
               +--------+--------+--------+--------+--------+-----+--------+

Top non-repeatable levels by time:
     D:4: 1365 daAuts
     D:1: 776 daAuts
     D:2: 643 daAuts
     D:5: 27 daAuts
